Map: Frozen Temple

Players

Mtsh

  • Race: Terran Terran
  • League: Gold

capac - Winner!

  • Race: Terran Terran
  • League: Gold

VOD

Have the link to the VOD?

Description

Time

  • Played on: March 30, 2016, 2:56 p.m.
  • Length: 14:38
Show
View Real Time Build Order
Export as new Build Order

Mtsh Terran 

Build Orders:  

Get SALT Encoding   

  12  0:01  SCV  
  13  0:17  SCV  
  13  0:18  Supply Depot  
  14  0:30  SCV  
  15  0:40  Barracks  
  15  0:42  SCV  
  16  0:54  SCV  
  17  1:06  Barracks  
  17  1:07  Barracks  
  17  1:11  SCV  
  18  1:27  Marine  
  18  1:30  Supply Depot  
  19  1:41  Orbital Command  
  19  1:45  Supply Depot  
  19  1:47  Marine  
  19  1:52  Marine  
  19  1:54  Marine  
  22  1:59  Refinery  
  22  2:13  Marine  
  22  2:14  Supply Depot, Marine x2  
  25  2:27  SCV  
  26  2:39  Marine x3  
  26  2:40  SCV  
  30  2:53  SCV  
  30  2:56  Refinery, Marine  
  30  2:57  Marine x2  
  34  3:10  Engineering Bay  
  35  3:12  SCV  
  35  3:14  Marine x3  
  38  3:21  Supply Depot  
  38  3:32  Marine x3  
  41  3:39  Terran Infantry Weapons Level 1  
  41  3:44  Barracks  
  41  3:49  Factory  
  41  3:51  Barracks Tech Lab  
  41  3:52  Barracks Tech Lab  
  41  3:53  Marine  
  42  4:08  SCV  
  43  4:10  Supply Depot  
  43  4:15  Combat Shields  
  43  4:20  SCV  
  44  4:29  Marine x2  
  44  4:30  Marine  
  47  4:33  Supply Depot  
  47  4:38  Starport  
  41  4:50  Marine x3  
  44  5:01  Factory Reactor  
  44  5:11  Command Center  
  42  5:25  Marine x2  
  42  5:26  Marine  
  45  5:29  Starport Reactor  
  45  5:32  Starport  
  45  5:40  Barracks Reactor  
  45  5:43  Marine x2  
  45  5:49  Widow Mine x2  
  47  5:56  Marine  
  52  6:05  Medivac  
  52  6:10  Medivac  
  56  6:16  SCV  
  57  6:27  Refinery  
  57  6:28  SCV  
  57  6:30  Marine x2  
  60  6:35  Medivac  
  57  6:54  Marine x4  
  58  6:55  Marine  
  58  7:00  SCV x2  
  64  7:12  SCV x2  
  64  7:14  Widow Mine x2  
  70  7:17  Starport Tech Lab  
  70  7:24  SCV x2  
  72  7:36  SCV x2  
  73  7:48  SCV  
  72  8:03  Marine x4  
  72  8:04  Marine  
  71  8:21  Marine x5  
  65  8:39  Marine x5  
  61  8:56  Marine  
  61  8:57  Marine x2  
  57  9:04  Marine x2  
  55  9:14  Marine x3  
  55  9:21  Marine  
  41  9:25  Marine  
  38  9:32  Marine x3  
  34  9:39  Marine  
  34  9:43  Marine  
  31  9:50  Marine x2  
  34  9:57  Marine x2  
  32  10:01  Marine  
  31  10:08  Marine  
  32  10:15  Marine x2  
  32  10:19  Marine  
  35  10:26  Marine  
  36  10:33  Marine, Orbital Command  
  36  10:35  Marine  
  37  10:37  Marine  
  37  10:48  Marine  
  36  10:51  Marine  
  36  10:53  Marine  
  36  10:54  Marine  
  39  11:02  Widow Mine x2  
  43  11:06  Marine  
  43  11:07  Medivac  
  43  11:08  Refinery, Marine  
  43  11:11  Marine  
  48  11:12  Marine  
  49  11:23  Marine  
  50  11:26  Marine  
  50  11:29  Marine  
  50  11:30  Widow Mine x2, Marine  
  57  11:44  Command Center  
  57  11:59  Marine x4  
  61  12:29  Marine x3  
  63  12:30  Marine  
  63  12:31  Medivac x2  
  63  12:33  SCV  
  70  12:39  Starport Tech Lab  
  70  12:46  SCV  
  70  12:48  Barracks Reactor  
  70  12:49  Barracks Reactor x2  
  71  12:55  Marine  
  72  13:13  Marine  
  73  13:24  SCV x2  
  75  13:31  Marine  
  76  13:36  SCV x2  
  76  13:39  Marine x5  
  81  13:48  SCV  
  81  13:49  Marine  
  84  14:00  SCV  
Show
View Real Time Build Order
Export as new Build Order

capac Terran - Winner!

Build Orders: MMM Bio 

Get SALT Encoding   

  12  0:00  SCV  
  13  0:13  SCV  
  14  0:19  Supply Depot  
  14  0:25  SCV  
  15  0:40  SCV  
  15  0:41  Barracks  
  16  0:46  Refinery  
  16  0:52  SCV  
  17  1:04  SCV  
  18  1:16  SCV  
  19  1:29  SCV  
  19  1:30  Reaper  
  21  1:37  Command Center  
  21  1:46  Orbital Command  
  21  1:56  Supply Depot  
  21  2:02  Marine  
  22  2:13  Factory  
  22  2:14  SCV  
  23  2:24  Barracks  
  23  2:25  Marine  
  24  2:44  Marine  
  25  2:55  Orbital Command  
  25  3:01  Marine  
  25  3:03  Bunker  
  25  3:05  Bunker  
  26  3:06  Factory Tech Lab  
  26  3:17  Barracks Tech Lab  
  26  3:19  Marine  
  27  3:25  SCV  
  28  3:29  SCV  
  28  3:33  Refinery, Siege Tank  
  32  3:37  Marine, SCV  
  32  3:38  Marine  
  35  3:41  Supply Depot  
  35  3:50  Refinery, SCV  
  35  3:51  Refinery, SCV  
  35  3:55  Marine  
  37  3:59  Stimpack  
  37  4:02  SCV  
  38  4:03  SCV  
  39  4:12  Marine  
  39  4:14  SCV  
  39  4:15  SCV  
  42  4:26  SCV, Barracks Reactor  
  42  4:28  SCV  
  42  4:30  Siege Tank  
  47  4:31  Marine  
  48  4:40  SCV x2  
  48  4:41  Engineering Bay  
  50  4:49  Marine  
  49  4:52  SCV  
  49  4:53  SCV  
  49  4:59  Starport  
  51  5:09  Marine x2  
  51  5:10  Marine  
  54  5:29  Supply Depot  
  54  5:30  Supply Depot  
  54  5:39  Starport Reactor  
  54  5:43  Engineering Bay  
  54  5:44  Terran Infantry Weapons Level 1  
  54  5:50  Marine x2  
  54  5:51  Siege Tank, SCV x2  
  54  5:52  Barracks  
  54  5:54  Supply Depot  
  54  5:55  Supply Depot  
  54  5:56  Barracks  
  61  6:03  SCV  
  62  6:04  Missile Turret  
  62  6:08  Missile Turret  
  62  6:14  Terran Infantry Armor Level 1  
  62  6:16  Armory  
  62  6:17  Marine x2  
  64  6:21  Medivac  
  64  6:24  Medivac  
  68  6:41  Barracks Reactor  
  68  6:50  Barracks Reactor  
  68  6:52  Starport  
  68  6:54  Siege Tank  
  68  6:55  Medivac  
  68  6:56  Medivac  
  68  6:57  Combat Shields  
  75  7:02  Marine  
  75  7:03  Marine  
  77  7:19  Marine x3  
  80  7:25  SCV x2  
  80  7:26  Siege Tank  
  85  7:31  Command Center  
  80  8:02  Marine  
  80  8:03  Marine x4  
  70  8:29  Marine x3  
  70  8:30  Marine  
  70  8:32  Viking  
  70  8:33  Viking  
  74  8:49  Barracks  
  74  8:52  Barracks  
  62  9:16  Marine x2  
  62  9:17  Marine x4  
  68  9:34  Marine x2  
  67  10:10  Medivac  
  67  10:11  Medivac  
  67  10:14  Barracks Reactor  
  66  10:24  Barracks Reactor  
  61  10:40  Medivac x2  
  65  10:48  Marine x2  
  67  11:22  Marine x4  
  67  11:23  Marine  
  72  11:44  Marine x2  
  72  11:45  Marine x4  
  72  11:46  Marine  
  79  11:49  Liberator  
  79  11:50  Liberator  
  79  11:57  Marine  
  82  12:02  Marine  
  82  12:03  Barracks Tech Lab  
  82  12:04  Barracks Reactor  
  87  12:12  Orbital Command  
  87  12:17  Marine x2  
  89  12:27  Factory Tech Lab  
  89  12:47  Factory, Siege Tank  
  92  13:20  Siege Tank  
  95  13:35  Siege Tank  
  98  13:46  Marine x4  
Tags
 
Composition
MMM Bio
League
GoldGold
Matchup
TvT
Race
Terran
Add a new tag
Caveats
  • Supply blocks, unpowered buildings, or Contaminate may cause inaccurate times.
  • Supply counts are checked every 10 seconds.